 Dungeon Crawl Stone Soup version 0.18.1-50-g88ac8fd (webtiles) character file.

141 magog001 the Sneak (level 5, -5/27 HPs)
             Began as a Vine Stalker Assassin on Mar 13, 2017.
             Was an Initiate of Nemelex Xobeh.
             Killed by divine providence
             ... invoked by an orc priest
              (8 damage)
             ... on level 4 of the Dungeon.
             The game lasted 00:15:33 (2251 turns).

magog001 the Sneak (Vine Stalker Assassin)          Turns: 2251, Time: 00:15:34

Health: -5/27      AC:  4    Str: 15    XL:     5   Next: 24%
Magic:  0/6        EV: 12    Int: 11    God:    Nemelex Xobeh [......]
Gold:   125        SH:  0    Dex: 15    Spells: 0 memorised, 4 levels left

rFire  + . .     SeeInvis .     a - +3 dagger
rCold  + . .     Gourm    .     c - +0 robe
rNeg   . . .     Faith    .     (no shield)
rPois  x         Spirit   +     (no helmet)
rElec  .         Dismiss  .     d - +0 cloak
rCorr  .         Reflect  .     (no gloves)
SustAt .         Harm     .     l - +0 pair of boots
MR     .....                    (no amulet)
Stlth  +++.......               t - ring of protection from fire
                                k - ring of protection from cold

@: poison vulnerable, very slightly contaminated, hasted, very quick, not
resistant to hostile enchantments, fairly stealthy
A: fangs 2, regeneration 1, magic shield, antimagic bite, no device heal 3, rot
immunity
a: Renounce Religion


You were on level 4 of the Dungeon.
You worshipped Nemelex Xobeh.
Nemelex Xobeh was noncommittal.
You were not hungry.

You visited 1 branch of the dungeon, and saw 4 of its levels.

You collected 125 gold pieces.

Inventory:

Hand Weapons
 a - a +3 dagger (weapon)
 b - a +0 blowgun
Missiles
 e - 11 poisoned needles
 f - 2 curare-tipped needles
Armour
 c - a +0 robe (worn)
 d - a +0 cloak (worn)
 l - a +0 pair of boots (worn)
Jewellery
 k - a ring of protection from cold (left hand)
 t - a ring of protection from fire (right hand)
Scrolls
 j - 3 scrolls of remove curse
 p - 2 scrolls of amnesia
 q - 2 scrolls of identify
Potions
 h - a potion of berserk rage {unknown}
 i - a potion of heal wounds {unknown}
 o - 2 potions of degeneration {unknown}
 s - a potion of haste
Miscellaneous
 v - a plain deck of destruction {drawn: 1}
Comestibles
 g - 2 chunks of flesh
 m - a meat ration
 r - a bread ration


   Skills:
 * Level 2.3 Fighting
 + Level 2.3 Short Blades
 * Level 2.1 Throwing
 + Level 0.2 Armour
 + Level 1.5 Dodging
 * Level 6.6 Stealth


You had 4 spell levels left.
You didn't know any spells.

Dungeon Overview and Level Annotations

Branches:
Dungeon (4/15)
 Temple: D:4-7

Altars:
Nemelex Xobeh
Qazlal
Trog


Innate Abilities, Weirdness & Mutations

You have extremely sharp teeth.
Your natural rate of healing is unusually fast.
When hurt, damage is shared between your health and your magic reserves.
Your bite disrupts and absorbs the magic of your enemies.
Potions and wands cannot restore your health.
You are immune to rotting.


Message History

You closely miss the orc priest. The orc priest barely misses you.
You barely miss the orc priest.
You bite the orc priest, but do no damage.
Drink which item? (? for menu, Esc to quit)
You feel yourself speed up. The orc priest closely misses you.
You are very lightly contaminated with residual magic.
Evoke which item? (* to show all) (? for menu, Esc to quit)
You draw a card...
It is Venom.
You have drawn Venom.
Press: ? - help, Shift-Dir - straight line, f - orc priest
Aim: an orc priest, wielding a club and wearing a ring mail The bolt of poison hits the orc priest.
The orc priest is poisoned.
The orc priest is moderately wounded.
The bolt of poison misses the orc.
Releasing that poison leaves you vulnerable to poison.
The orc priest barely misses you.
The orc priest mumbles some strange prayers to Beogh against you.
Beogh smites you!
You die...
Your body disappears without a glow.

#># #.# #.# #.#
#####.#### #.#
#.......o #.#
....... #.# ....
#.#
#.#############.#
#.))oo...@.....<#
#################


You could see an orc priest and an orc.

Vanquished Creatures
  An orc wizard (D:4)
  3 adders
  4 worms
  A dart slug (D:2)
  2 giant geckos (D:1)
  3 orcs
  3 ball pythons (D:1)
  3 giant cockroaches
  6 goblins
  8 hobgoblins
  2 jackals (D:3)
  12 bats
  5 giant newts
  11 kobolds
  6 rats
70 creatures vanquished.

Notes
Turn   | Place    | Note
--------------------------------------------------------------
     0 | D:1      | magog001 the Vine Stalker Assassin began the quest for the Orb.
     0 | D:1      | Reached XP level 1. HP: 11/11 MP: 2/2
    37 | D:1      | Reached skill level 5 in Stealth
    50 | D:1      | Reached XP level 2. HP: 14/15 MP: 3/3
   196 | D:1      | Reached skill level 1 in Dodging
   283 | D:1      | Reached XP level 3. HP: 18/18 MP: 4/4
   671 | D:2      | Found a sparkling altar of Nemelex Xobeh.
   673 | D:2      | Found a stormy altar of Qazlal.
   675 | D:2      | Became a worshipper of Nemelex Xobeh the Trickster
   720 | D:2      | Found a bloodstained altar of Trog.
   788 | D:2      | Reached skill level 6 in Stealth
   788 | D:2      | Reached XP level 4. HP: 23/23 MP: 5/5
   895 | D:2      | Received a gift from Nemelex Xobeh
  2231 | D:4      | Reached XP level 5. HP: 27/27 MP: 6/6
  2241 | D:4      | HP: 1/27 [orc priest/divine providence (10)]
  2251 | D:4      | Killed from afar by an orc priest

Skill      XL: |  1  2  3  4 |
---------------+-------------+-----
Stealth        | 5 6 |  6.6
Dodging        | 1 |  1.5
Short Blades   | 2 |  2.3
Fighting       | 2 |  2.3
Throwing       | 2 |  2.1
Armour         | |  0.2

Action                   |  1- 3 |  4- 6 || total
-------------------------+-------+-------++-------
Melee: Dagger            |    88 |    85 ||   173
       Bite              |    18 |    21 ||    39
 Fire: Blowgun           |     3 |     6 ||     9
Evoke: Deck              |       |     1 ||     1
  Use: Scroll            |       |     8 ||     8
       Potion            |       |     4 ||     4
 Stab: Sleeping          |    10 |     6 ||    16
  Eat: Bread ration      |       |     1 ||     1
       Chunk             |       |     1 ||     1
Armor: Robe              |     9 |    19 ||    28
       Ring mail         |    11 |    12 ||    23
Dodge: Dodged            |    45 |    52 ||    97
